 Dungeon Crawl Stone Soup version 0.30.0-10-gfe55d96785 (webtiles) character file.

Game seed: 8019976167840987542

184 sasquatch the Cutter (level 5, -3/28 (30) HPs)
             Began as a Kobold Brigand on May 14, 2023.
             Shot with an arrow by a centaur (10 damage)
             ... on level 4 of the Dungeon.
             The game lasted 00:03:36 (2695 turns).

sasquatch the Cutter (Kobold Brigand)               Turns: 2695, Time: 00:03:37

HP:   -3/28 (30)    AC:  3    Str:  9    XL:     5   Next: 96%
MP:   5/5           EV: 14    Int: 12    God:
Gold: 227           SH:  0    Dex: 18    Spells: 4/4 levels left

rFire   . . .        a - +2 dagger (venom)
rCold   . . .        (no shield)
rNeg    . . .        m - +0 robe
rPois   .            p - +0 hat
rElec   .            c - +0 cloak
rCorr   .            (no gloves)
SInv    .            (no boots)
Will    .....        h - amulet of magic regeneration
Stlth   ++++         (no ring)
HPRegen 0.24/turn    (no ring)
MPRegen 0.49/turn

%: no passive effects
@: drained
A: small, no large weapons, nightstalker 3
a: no special abilities


You were on level 4 of the Dungeon.
You visited 1 branch of the dungeon, and saw 4 of its levels.

You collected 227 gold pieces.

Inventory:

Hand Weapons
 a - a +2 dagger of venom (weapon)
 b - a +2 dagger of holy wrath
Missiles
 d - 9 poisoned darts (quivered)
 e - 3 curare-tipped darts
 x - 5 atropa-tipped darts
Armour
 c - a +0 cloak (worn)
 m - a +0 robe (worn)
 p - a +0 hat (worn)
Jewellery
 h - an amulet of magic regeneration (around neck)
 r - an amulet of faith
 w - a ring of wizardry
Wands
 z - a wand of flame (25)
Scrolls
 i - 2 scrolls of blinking {unknown}
 l - a scroll of poison {unknown}
 n - 2 scrolls of vulnerability {unknown}
 q - 2 scrolls of teleportation {unknown}
 s - 2 scrolls of immolation {unknown}
 u - 3 scrolls of identify {unknown}
 y - a scroll of enchant weapon {unknown}
 B - a scroll of acquirement {unknown}
 C - a scroll of amnesia {unknown}
Potions
 f - 5 potions of lignification {unknown}
 g - 2 potions of attraction {unknown}
 j - a potion of degeneration {unknown}
 k - 2 potions of haste {unknown}
 o - 2 potions of might {unknown}
 t - a potion of heal wounds {unknown}
 v - 2 potions of curing {unknown}
 A - a potion of berserk rage {unknown}


   Skills:
 - Level 2.1 Fighting
 + Level 7.5 Short Blades
 - Level 2.1 Throwing
 - Level 1.2 Dodging
 - Level 5.3 Stealth


You had 4 spell levels left.
You didn't know any spells.
Your spell library contained the following spells:

 Spells                   Type           Power      Damage    Failure   Level
 Ignite Poison            Fire/Tmut/Pois 0%         N/A       69%         3
 Sticky Flame             Conj/Fire      0%         2d3       97%         4
 Ignition                 Fire           0%         3d3       100%        8


Dungeon Overview and Level Annotations

Branches:
Dungeon (4/15)
 Temple: D:4-7

Altars:
Cheibriados
Okawaru
Ru
Vehumet

Shops:
D:4 =


Innate Abilities, Weirdness & Mutations

You are small and have problems with some larger weapons.
You are completely attuned to the shadows.


Message History

You now have 223 gold pieces (gained 13).
You open the gate.
Found a radiant altar of Vehumet.
There is an open gate here.
Adjust (i)tems, (s)pells, or (a)bilities?
B - a +2 dagger of venom (weapon)
Adjust to which letter? (? for menu, Esc to quit)
a - a +2 dagger of venom (weapon);
B - a scroll labelled KOBRIONUKK Adjust (i)tems, (s)pells, or (a)bilities?
m - a +2 dagger of holy wrath Adjust to which letter? (? for menu, Esc to quit)
b - a +2 dagger of holy wrath;
m - a +0 robe (worn)
There is an open gate here.
Found a ring mail.
Found a whip.
You see here a +0 whip.
Found a stone staircase leading down.
You now have 227 gold pieces (gained 4).
You see here a +0 whip.
You see here a +0 ring mail.
There is a snail-covered altar of Cheibriados here.
A hobgoblin comes into view.
A hobgoblin is nearby!
The helpless hobgoblin fails to defend itself.
You stick the hobgoblin like a pincushion!!!
You kill the hobgoblin!
No target in view!
Found a robe.
C - a scroll labelled INNAHU BIWIORU A centaur comes into view.
The centaur shouts!
You hear an angry hiss.
The centaur wields a +0 shortbow.
The centaur shoots an arrow.
The arrow hits you!
A centaur comes into view.
The centaur wields a +2 shortbow of draining.
You sense an unholy aura.
The centaur shoots an arrow.
The arrow hits you!
You feel drained.
* * * LOW HITPOINT WARNING * * *
The centaur shoots an arrow.
The arrow hits you!
You die...

.....#..##.....##.#..
............#### ..#.
....##...#.## #..
#....#.#....### ###
..##.#.#......##.. ..
#......###....... #.#
#####....[..###.##..
##........#.#.#
#....#.#...@.#
##.#..#..#..#.c.#
#..#..#.....##c.. #
###.###........##.# #
#....####....... ..
###....# #...[.#
.##....# .......#
###....#


You could see 2 centaurs.

Vanquished Creatures
  A hound (D:3)
  An orc priest (D:3)
  5 adders
  A worm (D:2)
  2 dart slugs (D:2)
  3 orcs (D:3)
  5 endoplasms
  6 giant cockroaches
  9 goblins
  8 hobgoblins
  3 jackals (D:2)
  7 kobolds
  A quokka (D:2)
  5 ball pythons
  A bat (D:1)
  3 frilled lizards
  4 rats
65 creatures vanquished.

Notes
Turn   | Place    | Note
-------+----------+-------------------------------------------
     0 | D:1      | sasquatch the Kobold Brigand began the quest for the Orb.
     0 | D:1      | Reached XP level 1. HP: 12/12 MP: 1/1
   100 | D:1      | Reached skill level 3 in Short Blades
   208 | D:1      | Reached XP level 2. HP: 17/17 MP: 2/2
   271 | D:1      | Reached skill level 4 in Short Blades
   564 | D:2      | Reached XP level 3. HP: 21/21 MP: 3/3
   850 | D:2      | Reached skill level 5 in Short Blades
  1133 | D:2      | Reached XP level 4. HP: 26/26 MP: 4/4
  1221 | D:2      | Identified the +5 ring mail of Somewhere Else {rPois Int+5
                  | Slay-6}
  1377 | D:3      | Reached skill level 6 in Short Blades
  1478 | D:3      | Found a sacrificial altar of Ru.
  1614 | D:3      | Found a faded altar of an unknown god.
  1689 | D:3      | Reached XP level 5. HP: 22/30 MP: 5/5
  1850 | D:3      | Found an iron altar of Okawaru.
  1883 | D:3      | Reached skill level 7 in Short Blades
  2328 | D:4      | Found Zusuorphe's Jewellery Shoppe.
  2396 | D:4      | Found a snail-covered altar of Cheibriados.
  2557 | D:4      | Found a radiant altar of Vehumet.
  2694 | D:4      | Noticed a centaur
  2694 | D:4      | Noticed a centaur
  2695 | D:4      | Shot with an arrow by a centaur

Illustrated notes

Levels and vault maps discovered:
D:1:      dpeg_arrival_lava_temple_mockup, layout_rooms,
          chequers_decorated_corner
D:2:      cheibrodos_old_hovel, layout_loops_cross, corexii_corridor_pit,
          kennysheep_generic_room_12
D:3:      layout_basic, lemuel_crystal_altar,
          mainiacjoe_overflow_six_doors_small,
          dreamdust_ecumenical_altar_angels_and_demons,
          dreamdust_princess_bridge, st_stairs_13
D:4:      layout_rooms, mainiacjoe_overflow_alcove_4,
          nicolae_dithmenos_through_a_glass_darkly,
          mainiacjoe_overflow_chevrons, serial_shops,
          nicolae_shop_rolling_square, grunt_ministairs_3, minmay_manual_mares

Skill      XL: |  1  2  3  4  5 |
---------------+----------------+-----
Short Blades   | 3 4 5 6 7 |  7.5
Fighting       | |  2.1
Throwing       | |  2.1
Dodging        | |  1.2
Stealth        | |  5.3

Action                     |  1- 3 |  4- 6 || total
---------------------------+-------+-------++-------
  Melee: Dagger            |    75 |   107 ||   182
   Stab: Sleeping          |    16 |    12 ||    28
         Distracted        |       |     1 ||     1
 Armour: Robe              |    13 |    11 ||    24
  Dodge: Dodged            |    34 |    34 ||    68
